 Dungeon Crawl Stone Soup version 0.30-a0-373-gd37427bb62 (webtiles) character file.

Game seed: 11139187326903577916

957 pokeman the Thaumaturge (level 7, -11/40 HPs)
             Began as a Deep Elf Hedge Wizard on Nov 23, 2022.
             Killed by divine providence
             ... invoked by an orc priest
              (12 damage)
             ... on level 5 of the Dungeon.
             The game lasted 00:10:15 (5044 turns).

pokeman the Thaumaturge (Deep Elf Hedge Wizard)     Turns: 5044, Time: 00:10:15

Health: -11/40     AC:  4    Str: 13    XL:     7   Next: 91%
Magic:  2/21       EV: 12    Int: 21    God:
Gold:   149        SH:  0    Dex: 14    Spells: 10/23 levels left

rFire   . . .      SeeInvis .    r - +1 whip (elec)
rCold   + . .      Faith    .    (no shield)
rNeg    . . .      Spirit   .    f - +0 leather armour
rPois   .          Reflect  .    c - +0 hat
rElec   .          Harm     .    y - +0 cloak
rCorr   .          Rampage  .    (no gloves)
Will    .....                    (no boots)
Stlth   ++........               (no amulet)
HPRegen 0.26/turn                g - ring of protection from cold
MPRegen 0.17/turn                B - +6 ring of strength

@: no status effects
A: no striking features
a: no special abilities


You were on level 5 of the Dungeon.
You visited 1 branch of the dungeon, and saw 5 of its levels.

You collected 149 gold pieces.

Inventory:

Hand Weapons
 r - a +1 whip of electrocution (weapon)
 x - a +4 quarterstaff of chaos
Armour
 c - a +0 hat (worn)
 f - a +0 leather armour (worn)
 y - a +0 cloak (worn)
Magical Staves
 t - a staff of death
Jewellery
 g - a ring of protection from cold (left hand)
 B - a +6 ring of strength (right hand)
 E - a ring of ice
Wands
 q - a wand of acid (12)
 z - a wand of flame (17)
 A - a wand of roots (8)
 I - a wand of polymorph (15)
Scrolls
 b - 3 scrolls of teleportation {unknown}
 e - 2 scrolls of poison {unknown}
 j - a scroll of fear {unknown}
 k - a scroll of vulnerability {unknown}
 m - 8 scrolls of identify {unknown}
 p - a scroll of summoning {unknown}
 u - a scroll of blinking {unknown}
 v - a scroll of enchant weapon {unknown}
 C - a scroll of fog {unknown}
 G - a scroll of magic mapping {unknown}
Potions
 a - a potion of resistance {unknown}
 d - a potion of magic
 h - 2 potions of flight {unknown}
 i - a potion of might {unknown}
 l - 2 potions of berserk rage {unknown}
 n - a potion of mutation {unknown}
 o - a potion of lignification {unknown}
 s - 3 potions of heal wounds {unknown}
 w - a potion of degeneration {unknown}
 D - 2 potions of attraction {unknown}
 F - a potion of ambrosia {unknown}
 H - a potion of haste {unknown}


   Skills:
 - Level 2.0 Fighting
 + Level 1.7 Armour
 - Level 3.0 Dodging
 - Level 3.0 Stealth
 * Level 8.9 Spellcasting
 + Level 4.4 Conjurations
 + Level 1.5 Summonings
 - Level 2.1 Necromancy
 - Level 1.1 Translocations
 + Level 0.7 Ice Magic
 - Level 1.0 Air Magic
 - Level 1.1 Poison Magic
 - Level 1.0 Evocations


You had 10 spell levels left.
You knew the following spells:

 Your Spells              Type           Power      Damage    Failure   Level
a - Magic Dart            Conj           100%       1d8       1%          1
b - Mephitic Cloud        Conj/Pois/Air  18%        N/A       11%         3
c - Call Imp              Summ           15%        N/A       8%          2
d - Blink                 Tloc           28%        N/A       9%          2
e - Freezing Cloud        Conj/Ice/Air   9%         6-21      71%         5

Your spell library contained the following spells:

 Spells                   Type           Power      Damage    Failure   Level
 Searing Ray              Conj           56%        2d6       2%          2
 Sting                    Tmut/Pois      44%        1d5       8%          1
 Cigotuvi's Dreadful Rot  Necr/Pois/Air  30%        N/A       8%          2
 Poisonous Vapours        Pois/Air       28%        N/A       9%          2
 Slow                     Hex            36%        N/A       10%         1
 Portal Projectile        Hex/Tloc       22%        N/A       22%         3
 Tukima's Dance           Hex            9%         N/A       28%         3
 Fulminant Prism          Conj/Hex       9%         3d6       36%         4
 Olgreb's Toxic Radiance  Pois           14%        N/A       50%         4
 Blade Hands              Tmut           4%         N/A       95%         5
 Simulacrum               Ice/Necr       7%         N/A       100%        6
 Polar Vortex             Ice            6%         N/A       100%        9


Dungeon Overview and Level Annotations

Branches:
Dungeon (5/15)
 Temple: D:4-7

Altars:
Ru
Sif Muna

Shops:
D:4 *   D:5 *


Message History

The orc wizard appears confused.
Unknown command.
Unknown command.
An orc priest and an orc come into view.
The orc wizard is engulfed in noxious fumes.
The orc wizard appears confused.
The orc wizard hits you with a +0 dagger.
You hit the orc wizard.
Lightning courses through the orc wizard!
You kill the orc wizard!
An orc comes into view. It is wielding a +0 hand axe.
The orc priest looks satisfied for a moment.
You hit the orc priest.
The orc priest is lightly wounded.
The orc priest barely misses you.
You barely miss the orc priest.
The orc priest is lightly wounded.
The orc hits you but does no damage. The orc attacks as you move away!
The orc closely misses you.
The orc priest hits you but does no damage.
The orc priest attacks as you move away!
The orc priest hits you with a +0 dagger.
The orc priest looks encouraged for a moment.
You hit the orc but do no damage. The orc misses you.
You closely miss the orc. The orc hits you with a +0 flail!
Your magical contamination has completely faded away.
You hit the orc. Lightning courses through the orc!
You kill the orc!
The orc priest invokes the aid of Beogh against you.
You struggle to resist.
You barely miss the orc. You punch the orc.
The orc is lightly wounded.
The orc priest mumbles some strange prayers to Beogh against you.
Beogh smites you!
* * * LOW HITPOINT WARNING * * *
The orc hits you with a +0 hand axe.
* * * LOW HITPOINT WARNING * * *
The orc priest invokes the aid of Beogh against you.
Beogh smites you!
You die...

. #...##.##..>#
.###..#.....########
...#...##..##...... . #
#.##.....###...#.. #...
#.##..#....####...... #...#
#...........#...§.∩.≈
#.#..#
####.................
#..... #..............≈..
#....#####@................
#....oo..................
#..)).###...............#
#..#.## #...............#
.....#..# ##.............##
..##. ##... #............##
. .. ##..#.###.#.###..# .#
#.#.# #.#. ... .# ... #.##
.##.


You could see an orc priest and an orc.

Vanquished Creatures
  Duvessa (D:4)
  A sky beast (D:5)
  An ogre (D:4)
  2 phantoms (D:5)
  A bullfrog (D:5)
  Crazy Yiuf (D:3)
  An orc priest (D:3)
  A jelly (D:5)
  Jessica (D:3)
  Natasha (thrice) (D:2)
  4 orc wizards
  2 adders
  A worm (D:5)
  A dart slug (D:4)
  19 orcs
  5 ball pythons
  4 bats
  5 endoplasms
  4 giant cockroaches
  4 goblins
  4 hobgoblins
  9 kobolds
  5 quokkas
  3 frilled lizards
  4 rats
87 creatures vanquished.

Vanquished Creatures (collateral kills)
  Dowan (D:4)
  A giant cockroach (D:4)
  A quokka (D:4)
3 creatures vanquished.

Grand Total: 90 creatures vanquished

Notes
Turn   | Place    | Note
-------+----------+-------------------------------------------
     0 | D:1      | pokeman the Deep Elf Hedge Wizard began the quest for the
                  | Orb.
     0 | D:1      | Reached XP level 1. HP: 10/10 MP: 7/7
   413 | D:1      | Reached XP level 2. HP: 15/15 MP: 3/9
   645 | D:1      | Found a faded altar of an unknown god.
  1239 | D:2      | Reached skill level 5 in Spellcasting
  1422 | D:2      | Noticed Natasha
  1461 | D:2      | Killed Natasha
  1462 | D:2      | Reached skill level 1 in Fighting
  1462 | D:2      | Reached skill level 1 in Armour
  1462 | D:2      | Reached XP level 3. HP: 13/20 MP: 5/11
  1467 | D:2      | Learned a level 3 spell: Mephitic Cloud
  1470 | D:2      | Learned a level 2 spell: Call Imp
  1473 | D:2      | Learned a level 2 spell: Blink
  1792 | D:2      | Noticed Natasha
  1811 | D:2      | Killed Natasha
  1812 | D:2      | Reached XP level 4. HP: 20/25 MP: 9/13
  1909 | D:2      | Noticed Natasha
  1925 | D:2      | Killed Natasha
  2425 | D:3      | Reached skill level 6 in Spellcasting
  2425 | D:3      | Reached XP level 5. HP: 29/29 MP: 3/15
  2681 | D:3      | Found a runed translucent door.
  2682 | D:3      | Noticed Crazy Yiuf
  2865 | D:3      | Noticed Jessica
  2870 | D:3      | Killed Jessica
  2871 | D:3      | Reached skill level 1 in Evocations
  2907 | D:3      | Found a shimmering blue altar of Sif Muna.
  3129 | D:3      | Killed Crazy Yiuf
  3130 | D:3      | Reached skill level 1 in Necromancy
  3229 | D:4      | Noticed Dowan
  3232 | D:4      | Noticed Duvessa
  3234 | D:4      | Noticed an ogre
  3248 | D:4      | Killed an ogre
  3249 | D:4      | Reached skill level 1 in Poison Magic
  3249 | D:4      | Reached XP level 6. HP: 17/34 MP: 7/17
  3278 | D:4      | Killed Dowan
  3279 | D:4      | Reached skill level 7 in Spellcasting
  3279 | D:4      | Reached skill level 1 in Air Magic
  3546 | D:4      | Killed Duvessa
  3965 | D:4      | Reached XP level 7. HP: 35/39 MP: 17/20
  4116 | D:4      | Found Naowap's Fire Supplies.
  4459 | D:4      | Found a sacrificial altar of Ru.
  4547 | D:5      | Entered Level 5 of the Dungeon
  4648 | D:5      | Reached skill level 8 in Spellcasting
  4921 | D:5      | Found Nyrch's Elemental Accessories.
  4975 | D:5      | Learned a level 5 spell: Freezing Cloud
  5043 | D:5      | HP: 1/40 [orc/+0 hand axe (5)]
  5044 | D:5      | Killed from afar by an orc priest

Illustrated notes

Levels and vault maps discovered:
D:1:      nicolae_arrival_memento_mori, layout_basic, basic_ecumenical_altar
D:2:      layout_loops_ring, chequers_serial_rivers_room_a, uniq_natasha
D:3:      minmay_door_path, layout_basic, tgw_sif, uniq_crazy_yiuf_cottage
D:4:      layout_basic, marbit_many_paths, minivault_4,
          corexii_item_surrounded_by_moat, nicolae_shop_fire_sale
          [nicolae_sub_dead_trees], uniq_duvessa
D:5:      layout_rooms, nicolae_elemental_shop

Skill      XL: |  1  2  3  4  5  6  7 |
---------------+----------------------+-----
Spellcasting   | 5 6 7 8 |  8.9
Fighting       | 1 2 |  2.0
Armour         | 1 |  1.7
Conjurations   | 2 3 4 |  4.4
Stealth        | 3 |  3.0
Dodging        | 3 |  3.0
Evocations     | 1 |  1.0
Necromancy     | 1 2 |  2.1
Poison Magic   | 1 |  1.1
Air Magic      | 1 |  1.0
Summonings     | |  1.5
Translocations | |  1.1
Ice Magic      | |  0.7

Action                   |  1- 3 |  4- 6 |  7- 9 || total
-------------------------+-------+-------+-------++-------
Melee: Whip              |     7 |    26 |     9 ||    42
       Quarterstaff      |       |       |     3 ||     3
       Punch             |       |       |     1 ||     1
 Cast: Magic Dart        |    76 |    66 |    74 ||   216
       Mephitic Cloud    |     1 |    14 |     3 ||    18
       Call Imp          |       |     6 |     1 ||     7
       Blink             |       |    12 |       ||    12
 Stab: Confused          |       |     3 |     2 ||     5
       Sleeping          |       |       |     1 ||     1
Armor: Leather armour    |     7 |    11 |    10 ||    28
Dodge: Dodged            |    20 |    13 |    15 ||    48

Table legend: (Time is in decaauts)
 A = Elapsed time spent in this place.
 B = Non-inter-level travel time spent in this place.
 C = Inter-level travel time spent in this place.
 D = Time resting spent in this place.
 E = Time spent auto-exploring this place.
 F = Levels seen in this place.
 G = Mean time per level.
                   A        B        C        D        E       F      G
               +--------+--------+--------+--------+--------+-----+--------+
         Total |   5046 |   4959 |     87 |    208 |   4002 |   5 | 1009.2 |
       Dungeon |   5046 |   4959 |     87 |    208 |   4002 |   5 | 1009.2 |
               +--------+--------+--------+--------+--------+-----+--------+

Top non-repeatable levels by time:
     D:3: 1282 daAuts
     D:4: 1239 daAuts
     D:1: 1058 daAuts
     D:2: 968 daAuts
     D:5: 497 daAuts
